 Dungeon Crawl Stone Soup version 0.31.0-7-gf635a9b802 (webtiles) character file.

Game seed: 10574807995733890631

176299 hikkokomori the Blocker (level 18, 0/112 HPs)
             Began as a Gargoyle Alchemist on Jan 23, 2024.
             Was the Champion of Vehumet.
             Killed from afar by a salamander tyrant (11 damage)
             ... with a flame surge
             ... on level 3 of the Snake Pit.
             The game lasted 01:35:53 (25061 turns).

hikkokomori the Blocker (Gargoyle Alchemist)       Turns: 25061, Time: 01:35:53

Health: 0/112      AC: 28    Str: 14    XL:     18   Next: 12%
Magic:  33/34      EV: 21    Int: 24    God:    Vehumet [******]
Gold:   735        SH: 19    Dex: 17    Spells: 5/42 levels left

rFire   . . .        p - +10 whip of Severance {heavy, rPois}
rCold   . . .        G - +5 kite shield of Temperance {Dex+3}
rNeg    + . .        N - +1 steam dragon scales
rPois   ∞            (no helmet)
rElec   +            Q - +1 cloak of Abstinence {rPois Int+2 Dex+4}
rCorr   .            C - +0 pair of gloves
SInv    .            L - +1 pair of boots
Will    +....        V - amulet of regeneration
Stlth   ++++         g - +5 ring of evasion
HPRegen 1.18/turn    o - +4 ring of protection
MPRegen 0.24/turn

%: no passive effects
@: weakened, flying
A: sickness immunity, AC +13, big wings, negative energy resistance 1,
electricity resistance, torment resistance 1, petrification resistance
a: Renounce Religion


You were on level 3 of the Snake Pit.
You worshipped Vehumet.
Vehumet was exalted by your worship.
You visited 6 branches of the dungeon, and saw 27 of its levels.
You visited the Abyss 1 time.
You also visited: Sewer and Bailey.

You collected 3633 gold pieces.
You spent 2898 gold pieces at shops.

Inventory:

Hand Weapons
 a - a +6 broad axe
 p - the +10 whip of Severance (weapon) {heavy, rPois}
   (You found it on level 3 of the Dungeon)

   rPois:     It protects you from poison
 K - the +1 dagger of the Hidden Vale {flame, +Blink Fly rF++ Int+2}
   (You found it on level 5 of the Lair of Beasts)

   Int+2:     It affects your intelligence (+2).
   rF++:      It greatly protects you from fire.
   Fly:       It grants you flight.
   +Blink:    It lets you blink.
Missiles
 r - 7 curare-tipped darts
 B - 4 throwing nets
Armour
 y - a +0 tower shield of reflection
 C - a +0 pair of gloves (worn)
 G - the +5 kite shield of Temperance (worn) {Dex+3}
   (You acquired it on level 10 of the Dungeon)

   Dex+3:     It affects your dexterity (+3).
 L - a +1 pair of boots (worn)
 N - +1 steam dragon scales (worn)
 Q - the +1 cloak of Abstinence (worn) {rPois Int+2 Dex+4}
   (You found it on level 7 of the Dungeon)

   Int+2:     It affects your intelligence (+2).
   Dex+4:     It affects your dexterity (+4).
   rPois:     It protects you from poison
Jewellery
 g - a +5 ring of evasion (left hand)
 j - a +6 ring of intelligence
 o - a +4 ring of protection (right hand)
 E - a ring of fire
 F - a ring of ice
 H - an amulet of magic regeneration
 O - a ring of protection from fire
 U - a ring of see invisible
 V - an amulet of regeneration (around neck)
Wands
 m - a wand of roots (4)
 A - a wand of acid (10)
 S - a wand of flame (22)
 W - a wand of charming (13)
 X - a wand of mindburst (11)
 Y - a wand of digging (5)
Scrolls
 c - 5 scrolls of vulnerability
 f - 3 scrolls of enchant armour
 n - 2 scrolls of immolation
 s - 5 scrolls of enchant weapon
 u - 4 scrolls of blinking
 v - 2 scrolls of revelation
 w - a scroll of fear
 D - 2 scrolls of poison
 I - 7 scrolls of amnesia
 J - 3 scrolls of identify
 P - 6 scrolls of teleportation
 T - 2 scrolls of summoning
 Z - a scroll of brand weapon
Potions
 b - 4 potions of magic
 d - 6 potions of lignification
 h - 6 potions of brilliance
 i - 13 potions of curing
 k - 2 potions of enlightenment
 l - 5 potions of might
 q - 6 potions of haste
 t - 5 potions of heal wounds
 x - 3 potions of cancellation
 z - 2 potions of ambrosia
 M - 3 potions of berserk rage
 R - 3 potions of resistance
Miscellaneous
 e - a lightning rod (4/4)


   Skills:
 + Level 12.0 Fighting
 - Level 12.9 Maces & Flails
 - Level 8.8 Dodging
 - Level 8.0 Stealth
 + Level 14.4 Shields
 + Level 12.7 Spellcasting
 + Level 6.9 Conjurations
 - Level 4.1 Necromancy
 - Level 4.7 Fire Magic
 - Level 3.4 Air Magic
 - Level 8.2 Earth Magic
 + Level 6.6 Alchemy
 - Level 5.0 Evocations


You had 5 spell levels left.
You knew the following spells:

 Your Spells              Type           Power      Damage    Failure   Level
a - Borgnjor's Vile Clut  Necr/Erth      22%        N/A       16%         5
b - Mercury Vapours       Alch/Air       78%        N/A       1%          2
c - Blink                 Tloc           30%        N/A       11%         2
d - Mephitic Cloud        Conj/Alch/Air  42%        N/A       1%          3
e - Olgreb's Toxic Radia  Alch           47%        N/A       1%          4
f - Stone Arrow           Conj/Erth      100%       3d13      1%          3
g - Ignite Poison         Fire/Alch      42%        N/A       1%          4
h - Brom's Barrelling Bo  Conj/Erth      51%        2d7       1%          4
i - Irradiate             Conj/Alch      23%        3d19      3%          5
j - Lee's Rapid Deconstr  Erth           26%        3d14*     1%          5

Your spell library contained the following spells:

 Spells                   Type           Power      Damage    Failure   Level
 Plasma Beam              Fire/Air       17%        2x1d28    45%         6
 Kiss of Death            Conj/Necr      100%       2d13      1%          1
 Magic Dart               Conj           100%       1d8       1%          1
 Necrotise                Necr           100%       1d9       1%          1
 Sting                    Conj/Alch      100%       1d9       1%          1
 Momentum Strike          Conj/Tloc      62%        3d9       1%          2
 Scorch                   Fire           74%        2d8       1%          2
 Hailstorm                Conj/Ice       31%        3d8       1%          3
 Flame Wave               Conj/Fire      43%        2d11      1%          4
 Sticky Flame             Fire/Alch      42%        2d8       1%          4
 Freeze                   Ice            60%        1d7       2%          1
 Leda's Liquefaction      Alch/Erth      25%        N/A       3%          4
 Petrify                  Alch/Erth      50%        N/A       3%          4
 Fugue of the Fallen      Necr           35%        N/A       4%          3
 Fireball                 Conj/Fire      21%        3d10      5%          5
 Frozen Ramparts          Ice            30%        1d5       6%          3
 Apportation              Tloc           30%        N/A       8%          1
 Summon Small Mammal      Summ           60%        N/A       8%          1
 Call Imp                 Summ           30%        N/A       11%         2
 Ensorcelled Hibernation  Hex/Ice        30%        N/A       11%         2
 Jinxbite                 Hex            30%        N/A       11%         2
 Lesser Beckoning         Tloc           30%        N/A       11%         2
 Dispel Undead            Necr           35%        3d15      14%         4
 Alistair's Intoxication  Alch           31%        N/A       14%         5
 Yara's Violent Unravell  Hex/Alch       15%        3d8       14%         5
 Call Canine Familiar     Summ           15%        N/A       22%         3
 Confusing Touch          Hex            15%        N/A       22%         3
 Gell's Gravitas          Tloc           15%        N/A       22%         3
 Ozocubu's Armour         Ice            15%        N/A       22%         3
 Sigil of Binding         Hex            15%        N/A       22%         3
 Teleport Other           Tloc           15%        N/A       22%         3
 Tukima's Dance           Hex            15%        N/A       22%         3
 Summon Blazeheart Golem  Fire/Summ      26%        N/A       28%         4
 Anguish                  Hex/Necr       12%        N/A       32%         4
 Martyr's Knell           Necr/Summ      25%        N/A       32%         4
 Dimensional Bullseye     Hex/Tloc       7%         N/A       58%         4
 Manifold Assault         Tloc           15%        N/A       58%         4
 Passage of Golubria      Tloc           15%        N/A       58%         4
 Metabolic Englaciation   Hex/Ice        7%         N/A       90%         5
 Bombard                  Conj/Erth      25%        9d5       13%         6
 Eringya's Noxious Bog    Alch           23%        4d6       19%         6
 Conjure Ball Lightning   Conj/Air       19%        3x3d6     32%         6
 Death Channel            Necr           17%        N/A       91%         6
 Sculpt Simulacrum        Ice/Alch       15%        N/A       96%         6
 Dispersal                Tloc           7%         N/A       100%        6
 Summon Cactus Giant      Summ           7%         N/A       100%        6
 Ozocubu's Refrigeration  Ice            7%         4d9       100%        7
 Borgnjor's Revivificati  Necr           17%        N/A       100%        8
 Discord                  Hex            7%         N/A       100%        8
 Disjunction              Tloc           7%         N/A       100%        8
 Death's Door             Necr           17%        N/A       100%        9
 Fire Storm               Conj/Fire      21%        8d6       100%        9
 Cigotuvi's Dreadful Rot  Necr/Alch/Air  Unusable   N/A       N/A         2
 Sublimation of Blood     Necr           Unusable   N/A       N/A         2

Dungeon Overview and Level Annotations

Branches:
Dungeon (15/15)            Temple (1/1) D:7            Lair (5/5) D:8
  Swamp (1/4) Lair:2        Snake (3/4) Lair:2        Slime (0/5) Lair:5
    Orc (2/2) D:9             Elf (0/3) Orc:2        Vaults (0/5) D:13
 Depths (0/4) D:15          Sewer (visited)          Bailey (visited)

Altars:
Ashenzari
Cheibriados
Dithmenos
Elyvilon
Fedhas
Gozag
Hepliaklqana
Kikubaaqudgha
Makhleb
Nemelex Xobeh
Okawaru
Qazlal
Ru
Sif Muna
Trog
Uskayaw
Vehumet
Wu Jian
Xom
Yredelemnul
Zin
The Shining One

Shops:
D:2 !   D:8 *   D:13 :(::   Orc:2 *?((   Snake:2 :

Annotations:
D:3 1 runed translucent door, Crazy Yiuf
D:7 2 transporters
D:15 3 runed translucent doors, Xiestris's ghost, journeyman DsGl
Lair:4 1 runed translucent door, puppykicker's ghost, journeyman TrEn
Snake:1 Mlioglotl


Innate Abilities, Weirdness & Mutations

You are immune to sickness and miasma.
Your stone body is resilient. (AC +13)
You are immune to poison.
Your large and strong wings let you fly.
You resist negative energy. (rN+)
You are resistant to electric shocks. (rElec)
You are resistant to unholy torment.
You are immune to petrification.


Message History

You feel as though you will be weak longer.
You block the naga mage's attack. The nagaraja completely misses you.
The nagaraja closely misses you.
Unknown command.
You reach down and open the door.
The naga mage spits poison at you. You block the splash of poison.
The salamander tyrant gazes fiercely through you!
You feel as though you will be weak longer.
You block the nagaraja's attack. The nagaraja completely misses you.
The salamander tyrant gazes fiercely through you!
You feel as though you will be weak longer.
The salamander tyrant barely misses you.
You block the naga mage's attack.
The salamander tyrant gazes fiercely through you!
You feel as though you will be weak longer.
You block the nagaraja's attack. x2
There is an open door here.
Unknown command.
The salamander tyrant rends the earth beneath you!
The blast of magma engulfs you!!
The salamander tyrant gazes fiercely through you!
You feel as though you will be weak longer.
You hear a shout!
The salamander tyrant gazes fiercely through you!
You feel as though you will be weak longer.
The salamander tyrant gazes fiercely through you!
You feel as though you will be weak longer.
The salamander tyrant rends the earth beneath you!
The blast of magma engulfs you!!!
The naga mage mumbles some strange words.
The naga mage seems to speed up.
The nagaraja spits poison at you. The splash of poison misses you.
The salamander tyrant rends the earth beneath you!
The blast of magma engulfs you!!
* * * LOW HITPOINT WARNING * * *
The salamander tyrant calls gouts of flame from the lava!
The flame surge hits you!
You die...

## #....##...#######...##.#....
.######...#..#..#8©8#.N#..#.#....
).#.###...##.#..'...N..#.##......
....#.....#.....#.NN#.....#......
..#.......##.#.###N###N#.##......
..........#..#.#⌠N..⌠#.#..#.##...
..##....>.##...#≈.≈..#...##.#####
..##......#...##≈≈...##...#.##
..##......##..#.@.....#..##..#
.##.......# .#≈#≈..#.#. #..#
.##.......# ....#8.8#.... #..#
.#........#.....#...#.....#..##
#.#.......#.##..#8.8#..##.#...##
.##.......#..#.##..N##.#..#....#
#####.....#.$N...$)$....$.#....##
.####.....# (.8N.♣⌠♣..8.$ #.....#
......##..#################....##


You could see a nagaraja, 3 salamander tyrants, a naga ritualist and 2 naga
magi.

Vanquished Creatures
  An azure jelly (Lair:4)
  2 nagarajas
  4 orc warlords
  2 salamander tyrants (Snake:3)
  6 hydras
  Erolcha (D:12)
  Erica (D:11)
  5 vault guards (D:13)
  4 anacondas
  A death knight (D:13)
  3 two-headed ogres
  2 catoblepae
  3 boulder beetles
  3 centaur warriors
  5 death yaks (Lair:4)
  12 naga warriors
  A tengu warrior (D:15)
  A deep troll earth mage (D:15)
  A thrashing horror (Abyss:2)
  6 naga sharpshooters
  4 orc high priests
  Nergalle (D:10)
  3 shock serpents (Snake:3)
  Sonja (D:11)
  2 skeletal warriors
  3 skysharks
  2 goliath frogs (Lair:5)
  6 salamander mystics
  2 naga ritualists (Snake:3)
  3 mana vipers (Snake:3)
  Pikel (D:4)
  7 orc knights
  A necromancer (Abyss:2)
  7 orc sorcerers
  A manticore (D:13)
  11 ugly things (D:15)
  A wolf spider (D:15)
  2 oklob plants
  15 salamanders
  3 cyclopes
  3 meliai (D:11)
  24 elephants
  6 kobold blastminers
  21 black mambas
  2 guardian serpents
  25 cane toads
  4 torpor snails
  9 naga magi
  2 efreet
  A gargoyle (D:12)
  An unseen horror (shapeshifter) (D:15)
  A kobold demonologist (D:13)
  A tengu conjurer (D:15)
  4 freezing wraiths
  7 komodo dragons
  A rime drake (Lair:4)
  An unseen horror (D:12)
  10 trolls
  7 polar bears
  3 tyrant leeches
  3 hornets
  A hellwing (Abyss:2)
  Prince Ribbit (D:6)
  8 blink frogs
  3 shadows
  11 slime creatures
  51 yaks
  4 wyverns
  A centaur simulacrum (D:14)
  2 wraiths
  A fire elemental (Abyss:2)
  6 humans (D:13)
  2 basilisks
  Grum (D:11)
  15 vampire mosquitoes
  A chaos spawn (Abyss:2)
  A steam dragon (D:6)
  A neqoxec (Abyss:2)
  6 wargs
  Menkaure (D:7)
  23 nagas
  Duvessa (D:5)
  14 water moccasins
  2 acid dragons (D:12)
  39 orc warriors
  4 sky beasts
  6 black bears
  An ogre (Orc:2)
  2 ice beasts (D:6)
  A small abomination (Abyss:2)
  20 wolves
  A centaur (D:6)
  2 phantoms
  5 kobold brigands
  3 lemures (D:4)
  20 bullfrogs
  2 gnoll sergeants
  2 scorpions
  14 wights
  Dowan (D:5)
  5 killer bees (D:9)
  2 howler monkeys (D:8)
  5 electric eels
  The ghost of pigah the Changeling, a weakling OpSh (D:4)
  3 bombardier beetles
  12 jellies
  2 hounds
  22 orc priests
  A sleepcap (D:7)
  5 iguanas
  7 hell rats (Lair:4)
  26 orc wizards
  22 gnolls
  16 adders
  A shadow imp (D:6)
  2 ufetubi (D:6)
  2 dart slugs
  4 ribbon worms
  63 orcs
  10 endoplasms
  4 giant cockroaches
  21 goblins
  19 hobgoblins
  5 quokkas
  7 ball pythons
  5 bats
  4 frilled lizards
  23 kobolds
  7 rats
862 creatures vanquished.

Vanquished Creatures (collateral kills)
  3 wights (D:8)
3 creatures vanquished.

Vanquished Creatures (others)
  A human (D:13)
  3 foxfires (Swamp:1)
  A lurking horror (Abyss:2)
  4 starspawn tentacles (Abyss:2)
9 creatures vanquished.

Grand Total: 874 creatures vanquished

Notes
Turn   | Place    | Note
-------+----------+-------------------------------------------
     0 | D:1      | hikkokomori the Gargoyle Alchemist began the quest for the
                  | Orb.
     0 | D:1      | Reached XP level 1. HP: 10/10 MP: 3/3
    76 | D:1      | Found a faded altar of an unknown god.
   433 | D:1      | Reached XP level 2. HP: 15/15 MP: 0/5
  1289 | D:1      | Learned a level 2 spell: Mercury Vapours
  1400 | D:2      | Reached XP level 3. HP: 20/20 MP: 3/6
  1492 | D:2      | Reached skill level 1 in Fighting
  1573 | D:2      | Reached XP level 4. HP: 17/25 MP: 0/7
  1723 | D:2      | Learned a level 2 spell: Blink
  1727 | D:2      | Learned a level 3 spell: Mephitic Cloud
  2147 | D:2      | Found Lahoupe's Distillery.
  2157 | D:2      | Bought a potion of might for 56 gold pieces
  2157 | D:2      | Bought a potion of curing for 42 gold pieces
  2256 | D:3      | Found a sparkling altar of Nemelex Xobeh.
  2256 | D:3      | Found an opulent altar of Gozag.
  2262 | D:3      | Identified the +10 whip of Severance {heavy, rPois}
  2358 | D:3      | Found a glowing drain.
  2362 | Sewer    | Entered a sewer
  2389 | Sewer    | Noticed a kobold brigand
  2401 | Sewer    | Killed a kobold brigand
  2402 | Sewer    | Reached skill level 1 in Maces & Flails
  2402 | Sewer    | Reached XP level 5. HP: 26/30 MP: 4/9
  2530 | Sewer    | Noticed a kobold brigand
  2530 | Sewer    | Noticed a kobold brigand
  2536 | Sewer    | Killed a kobold brigand
  2537 | Sewer    | Reached XP level 6. HP: 36/36 MP: 6/10
  2821 | D:3      | Found a runed translucent door.
  2822 | D:3      | Noticed Crazy Yiuf
  3429 | D:4      | Found a runed translucent door.
  3465 | D:4      | HP: 1/36 [burnt (6)]
  3620 | D:4      | Reached XP level 7. HP: 36/41 MP: 12/12
  3919 | D:4      | Noticed Pikel
  4125 | D:4      | Killed Pikel
  4126 | D:4      | Reached skill level 5 in Stealth
  4126 | D:4      | Reached XP level 8. HP: 39/48 MP: 9/14
  4304 | D:4      | Noticed pigah's ghost (weakling OpSh)
  4342 | D:4      | Killed pigah's ghost
  4461 | D:5      | Entered Level 5 of the Dungeon
  4718 | D:5      | Found a stormy altar of Qazlal.
  4725 | D:5      | Found a sacrificial altar of Ru.
  4725 | D:5      | Found a shimmering blue altar of Sif Muna.
  4730 | D:5      | Found a hazy altar of Hepliaklqana.
  4793 | D:5      | Noticed Duvessa
  4793 | D:5      | Noticed Dowan
  4806 | D:5      | Killed Duvessa
  4810 | D:5      | Killed Dowan
  5171 | D:6      | Reached skill level 5 in Fighting
  5259 | D:6      | Reached skill level 5 in Spellcasting
  5259 | D:6      | Reached XP level 9. HP: 54/54 MP: 11/16
  5268 | D:6      | Reached skill level 5 in Alchemy
  5521 | D:6      | Noticed Prince Ribbit
  5527 | D:6      | Killed Prince Ribbit
  5535 | D:6      | Learned a level 4 spell: Olgreb's Toxic Radiance
  5858 | D:7      | Reached skill level 5 in Maces & Flails
  5883 | D:7      | Found a staircase to the Ecumenical Temple.
  5931 | Temple   | Entered the Ecumenical Temple
  5950 | Temple   | Became a worshipper of Vehumet
  6012 | D:7      | Identified the +1 cloak of Abstinence {rPois Int+2 Dex+4}
  6049 | D:7      | Noticed Menkaure
  6056 | D:7      | Killed Menkaure
  6094 | D:7      | Found a transporter.
  6141 | D:7      | Found a transporter.
  7061 | D:8      | Reached XP level 10. HP: 21/61 MP: 19/19
  7530 | D:8      | Reached * piety under Vehumet
  7530 | D:8      | Offered knowledge of Magic Dart by Vehumet.
  7531 | D:8      | Reached skill level 1 in Shields
  7543 | D:8      | Found a staircase to the Lair.
  7905 | D:8      | Reached skill level 2 in Shields
  7943 | D:8      | Found Awne's Serpentskin Sales.
  8052 | D:9      | Reached skill level 1 in Evocations
  8205 | D:9      | Reached skill level 3 in Shields
  8233 | D:9      | Offered knowledge of Foxfire by Vehumet.
  8234 | D:9      | Reached ** piety under Vehumet
  8308 | D:9      | Reached XP level 11. HP: 65/68 MP: 16/21
  8313 | D:9      | Reached skill level 4 in Shields
  8491 | D:9      | Found a staircase to the Orcish Mines.
  8617 | D:10     | Entered Level 10 of the Dungeon
  8666 | D:10     | Found a flagged portal.
  8892 | Bailey   | Entered a bailey
  8905 | Bailey   | Offered knowledge of Stone Arrow by Vehumet.
  8933 | Bailey   | Reached *** piety under Vehumet
  9026 | Bailey   | Noticed an orc warlord
  9048 | Bailey   | Killed an orc warlord
  9103 | Bailey   | Got the Encyclopedia of the Arcane
  9110 | Bailey   | Learned a level 3 spell: Stone Arrow
  9175 | Bailey   | Offered knowledge of Ignite Poison by Vehumet.
  9181 | Bailey   | Learned a level 4 spell: Ignite Poison
  9217 | D:10     | Acquired the +5 kite shield of Temperance {Dex+3}
  9303 | D:10     | Noticed Nergalle
  9320 | D:10     | Killed Nergalle
  9321 | D:10     | Reached skill level 5 in Shields
  9489 | D:10     | Noticed a two-headed ogre
  9521 | D:10     | Killed a two-headed ogre
  9522 | D:10     | Reached skill level 1 in Fire Magic
  9942 | Orc:1    | Entered Level 1 of the Orcish Mines
 10044 | Orc:1    | Noticed an orc warlord
 10059 | Orc:1    | Reached skill level 1 in Air Magic
 10061 | Orc:1    | Killed an orc warlord
 10062 | Orc:1    | Reached skill level 1 in Earth Magic
 10068 | Orc:1    | Reached **** piety under Vehumet
 10070 | Orc:1    | Noticed an orc high priest
 10071 | Orc:1    | Reached XP level 12. HP: 67/76 MP: 22/24
 10071 | Orc:1    | Noticed a sun demon
 10076 | Orc:1    | Killed an orc high priest
 10117 | Orc:1    | Offered knowledge of Brom's Barrelling Boulder by Vehumet.
 10131 | Orc:1    | Reached skill level 6 in Shields
 10135 | Orc:2    | Entered Level 2 of the Orcish Mines
 10277 | Orc:1    | Learned a level 4 spell: Brom's Barrelling Boulder
 10707 | Orc:1    | Reached skill level 5 in Evocations
 10915 | Orc:2    | Reached ***** piety under Vehumet
 10919 | Orc:2    | Noticed an orc warlord
 10921 | Orc:2    | Offered knowledge of Starburst by Vehumet.
 11016 | Orc:2    | Noticed an orc warlord
 11022 | Orc:2    | Killed an orc warlord
 11023 | Orc:2    | Reached skill level 7 in Shields
 11028 | Orc:2    | Killed an orc warlord
 11194 | Orc:2    | Reached XP level 13. HP: 79/80 MP: 18/25
 11227 | Orc:2    | Reached skill level 8 in Shields
 11366 | Orc:2    | Found a staircase to the Elven Halls.
 11419 | Orc:2    | Found Leubbely's Weapon Emporium.
 11437 | Orc:2    | Reached skill level 10 in Maces & Flails
 11441 | Orc:2    | Found Zaefynt's Magic Scroll Shop.
 11448 | Orc:2    | Reached skill level 5 in Dodging
 11448 | Orc:2    | Reached skill level 9 in Shields
 11518 | Orc:2    | Found Kocanewawi's Assorted Antiques.
 11591 | Orc:2    | Found Byug's Weapon Emporium.
 11867 | Orc:2    | Bought a scroll of acquirement for 780 gold pieces
 11868 | Orc:2    | Acquired 871 gold pieces
 11870 | Orc:2    | Acquired a book of Decay
 12008 | Lair:1   | Entered Level 1 of the Lair of Beasts
 12522 | Lair:1   | You fall into a shaft and drop 1 floor!
 12732 | Lair:2   | Reached skill level 10 in Shields
 12742 | Lair:2   | Gained mutation: Your large and strong wings let you fly.
                  | [Gargoyle growth]
 12742 | Lair:2   | Reached XP level 14. HP: 56/86 MP: 21/27
 13071 | Lair:2   | Found a staircase to the Snake Pit.
 13257 | Lair:2   | Found a staircase to the Swamp.
 13728 | Lair:3   | Identified the +0 robe of Exclusion {Will+}
 14383 | Lair:4   | Noticed an azure jelly
 14394 | Lair:4   | Killed an azure jelly
 14432 | Lair:4   | Reached skill level 11 in Shields
 14520 | Lair:4   | Reached skill level 10 in Spellcasting
 14524 | Lair:4   | Reached ****** piety under Vehumet
 14848 | Lair:4   | Found a runed translucent door.
 14849 | Lair:4   | Found a shimmering altar of Xom.
 14849 | Lair:4   | Noticed puppykicker's ghost (journeyman TrEn)
 14850 | Lair:4   | Identified the +0 battleaxe "Ozeziyg" {chaos, rF++}
 15261 | Lair:5   | Entered Level 5 of the Lair of Beasts
 15440 | Lair:4   | Reached XP level 15. HP: 82/91 MP: 29/29
 15665 | Lair:5   | Offered knowledge of Fireball by Vehumet.
 15693 | Lair:5   | Reached skill level 12 in Shields
 16080 | Lair:5   | Reached skill level 5 in Earth Magic
 16080 | Lair:5   | Reached XP level 16. HP: 96/96 MP: 30/30
 16087 | Lair:5   | Learned a level 5 spell: Fireball
 16318 | Lair:5   | Found a staircase to the Slime Pits.
 16464 | Lair:5   | Identified the +1 dagger of the Hidden Vale {flame, +Blink
                  | Fly rF++ Int+2}
 16496 | Lair:5   | Got the Directory of Fetching Incineration
 17112 | D:11     | Noticed Erica
 17120 | D:11     | Killed Erica
 17293 | D:11     | Noticed Grum
 17299 | D:11     | Offered knowledge of Lee's Rapid Deconstruction by Vehumet.
 17299 | D:11     | Killed Grum
 17489 | D:11     | Found a shadowy altar of Dithmenos.
 17492 | D:11     | Noticed Sonja
 17499 | D:11     | Killed Sonja
 18140 | D:12     | Noticed Erolcha
 18143 | Abyss:2  | Cast into level 2 of the Abyss (Erolcha)
 18252 | Abyss:2  | Noticed a tentacled starspawn
 18440 | Abyss:2  | Noticed a tentacled starspawn
 18613 | Abyss:2  | Found a corrupted altar of Lugonu.
 18630 | Abyss:2  | Learned a level 5 spell: Lee's Rapid Deconstruction
 18643 | D:12     | Escaped the Abyss
 18650 | D:12     | Killed Erolcha
 18651 | D:12     | Reached skill level 10 in Fighting
 19085 | D:13     | Found Pegaretz's Book Shoppe.
 19094 | D:13     | Bought Great Wizards, Vol. II for 532 gold pieces
 19094 | D:13     | Bought a book of the Earth for 504 gold pieces
 19101 | D:13     | Learned a level 5 spell: Borgnjor's Vile Clutch
 19235 | D:13     | Reached skill level 13 in Shields
 19235 | D:13     | Reached skill level 1 in Necromancy
 19302 | D:13     | Found Heejonat's Antique Weapon Shop.
 19454 | D:13     | You are sucked into a shaft and drop 2 floors!
 19454 | D:15     | Entered Level 15 of the Dungeon
 19851 | D:15     | Reached XP level 17. HP: 87/103 MP: 21/32
 19941 | D:15     | Found a runed translucent gate.
 19942 | D:15     | Found a runed translucent gate.
 19942 | D:15     | Found a runed translucent gate.
 19944 | D:15     | Noticed Xiestris's ghost (journeyman DsGl)
 20234 | D:15     | Found a staircase to the Depths.
 20461 | D:15     | Offered knowledge of Iskenderun's Battlesphere by Vehumet.
 21266 | D:13     | Found Qesmaqad's Book Shoppe.
 21288 | D:13     | Bought Great Wizards, Vol. VII for 480 gold pieces
 21343 | D:13     | Found a gate to the Vaults.
 21464 | D:13     | Found Irocodd's Book Shoppe.
 21472 | D:13     | Bought a book of Transmutation for 504 gold pieces
 22017 | Swamp:1  | Entered Level 1 of the Swamp
 22045 | Lair:2   | Learned a level 5 spell: Irradiate
 22108 | Snake:1  | Entered Level 1 of the Snake Pit
 22340 | Snake:1  | Noticed Mlioglotl
 22662 | Snake:1  | Reached skill level 5 in Conjurations
 23126 | Snake:2  | Reached skill level 14 in Shields
 23268 | Snake:2  | Found Bis Nycviy's Book Emporium.
 24182 | Snake:3  | Offered knowledge of Plasma Beam by Vehumet.
 24472 | Snake:3  | Reached XP level 18. HP: 112/112 MP: 8/34
 24850 | Snake:3  | Found a transporter.
 24854 | Snake:3  | Identified the ring "Rotz" {Fly rElec rN+}
 24863 | Snake:3  | Identified the +6 scale mail "Jydout" {-Tele Rampage Str+3}
 24878 | Snake:3  | Found a radiant altar of Vehumet.
 25061 | Snake:3  | Killed from afar by a salamander tyrant

Illustrated notes

Levels and vault maps discovered:
D:1:      eino_arrival_cavern_d, layout_basic, serial_curves, eino_curves_01,
          eino_curves_02, shapermc_ecumenical_altar_venn
D:2:      layout_basic, serial_shops, shop, minmay_distorted
D:3:      layout_loops_cross, grunt_temple_overflow_opulence,
          gup_sewer_entry_bowl, uniq_crazy_yiuf_cottage
D:4:      layout_basic, ebering_ghost_sewer_d, corexii_shack, uniq_pikel
D:5:      layout_gridville, minitemple, uniq_duvessa
D:6:      layout_loops_ring, uniq_prince_ribbit1
D:7:      gammafunk_cloud_chamber, layout_basic, minmay_temple_entry_mist,
          serial_aquarium, aquarium_bridge_long_joined
          [aquarium_subvault_bridge, aquarium_subvault_window,
          aquarium_subvault_wall, aquarium_subvault_bridge,
          aquarium_subvault_window, aquarium_subvault_window],
          aquarium_window_fake, aquarium_window_corridor_1,
          aquarium_window_fake, aquarium_window_1, aquarium_view_2f,
          aquarium_view_2d, aquarium_pool_S, uniq_menkaure
D:8:      layout_loops_cross, erik_lair_orcish_takeover, reono_crystal_passage,
          guppyfry_shop_venom
D:9:      layout_roguey, orc_0_dummy
D:10:     layout_basic, enter_bailey_5, uniq_nergalle
D:11:     layout_irregular_city, grunt_dithmenos_smoke, uniq_grum, uniq_sonja,
          uniq_erica
D:12:     layout_basic, uniq_erolcha
D:13:     layout_irregular_city, ximxim_vaults_locker_room, serial_shops,
          nicolae_lakefront_shop, shop, shop, shop_fountains
D:14:     layout_loops_corners, gammafunk_ghost_fury_of_okawaru, moated_statue,
          minivault_19, dk_noncrumbling_3, corner_web_ring, uniq_snorg,
          uniq_frances, uniq_rupert
D:15:     hellmonk_depths_entry_around_the_bend, layout_basic,
          gammafunk_ghost_necromancy
Temple:   nicolae_temple_slightly_damp_pantheon
Lair:1:   layout_cave_pods
Lair:2:   layout_hall_layers, minmay_swamp_entry_worms,
          alex1729_snake_entry_snake
Lair:3:   layout_gridlike
Lair:4:   layout_loops_ring, ebering_ghost_xom, nicolae_lair_time_for_slime,
          serial_bayou_shore_b, infiniplex_staircase_pool_2
Lair:5:   minmay_lair_end_frog_pond, layout_gridlike,
          nicolae_slime_entry_slimehenge, gammafunk_lair_bear_cave
Swamp:1:  cheibrodos_swamp_monstrosity, layout_basic_swamp,
          lemuel_altar_in_water, swamp_pool_1_2, uniq_louise
Snake:1:  layout_layer_cave, nicolae_snake_double_loop, nicolae_snake_shapes,
          uniq_mlioglotl
Snake:2:  layout_layer_cave, serial_shops, shop
Snake:3:  gammafunk_sealed_library, layout_chambers,
          nicolae_twisty_statue_hallways
Orc:1:    orc_temple, layout_diamond_mine
Orc:2:    st_orc_elflike, layout_caves, basic_altar

Skill      XL: |  1  2  3  4  5  6  7  8  9 10 11 12 13 14 15 16 17 18 |
---------------+-------------------------------------------------------+-----
Fighting       | 1 2 3 4 5 6 7 9 10 11 12 | 12.0
Stealth        | 3 4 5 6 7 8 |  8.0
Alchemy        | 3 4 5 6 |  6.6
Maces & Flails | 1 2 3 4 5 6 8 9 11 12 | 12.9
Spellcasting   | 3 4 5 6 7 8 9 10 11 12 | 12.7
Shields        | 3 5 7 10 11 12 13 14 | 14.4
Conjurations   | 2 4 6 |  6.9
Evocations     | 2 4 5 |  5.0
Fire Magic     | 2 3 4 |  4.7
Air Magic      | 1 2 3 |  3.4
Earth Magic    | 1 3 5 6 8 |  8.2
Dodging        | 3 6 7 8 |  8.8
Necromancy     | 1 4 |  4.1

Action                     |  1- 3 |  4- 6 |  7- 9 | 10-12 | 13-15 | 16-18 || total
---------------------------+-------+-------+-------+-------+-------+-------++-------
  Melee: Unarmed           |     1 |       |       |       |       |       ||     1
         Whip              |       |    91 |   208 |   278 |   584 |   928 ||  2089
         Punch             |       |       |     1 |     3 |       |       ||     4
   Fire: Sling             |    51 |    38 |       |       |       |       ||    89
   Cast: Sting             |    30 |    10 |    31 |     9 |       |     1 ||    81
         Mercury Vapours   |     2 |     6 |     3 |     2 |       |     3 ||    16
         Blink             |       |     1 |     3 |     1 |       |       ||     5
         Mephitic Cloud    |       |       |     6 |    36 |    21 |    33 ||    96
         Olgreb's Toxic Ra |       |       |     1 |    68 |    45 |    44 ||   158
         Stone Arrow       |       |       |       |     6 |    10 |    29 ||    45
         Ignite Poison     |       |       |       |    12 |    29 |    32 ||    73
         Lee's Rapid Decon |       |       |       |       |       |    39 ||    39
         Irradiate         |       |       |       |       |       |    12 ||    12
         Fireball          |       |       |       |       |       |     2 ||     2
         Borgnjor's Vile C |       |       |       |       |       |     1 ||     1
  Evoke: Wand              |       |       |       |    14 |       |     5 ||    19
         Lightning rod     |       |       |       |       |       |     3 ||     3
    Use: Scroll            |     5 |       |     3 |    16 |     7 |     7 ||    38
         Potion            |       |       |     1 |     3 |     2 |     3 ||     9
   Stab: Sleeping          |       |     6 |     4 |     2 |     7 |     7 ||    26
         Confused          |       |       |     4 |     7 |     1 |     3 ||    15
         Distracted        |       |       |       |     1 |       |     2 ||     3
         Petrified         |       |       |       |       |     3 |       ||     3
 Armour: Robe              |    31 |    99 |   107 |       |       |       ||   237
         Steam dragon scal |       |       |    64 |   228 |   332 |   369 ||   993
  Dodge: Dodged            |    43 |    90 |   171 |   164 |   270 |   469 ||  1207
  Block: Kite shield       |       |       |       |   128 |   670 |   978 ||  1776
         Buckler           |       |       |       |     8 |       |       ||     8
